 Dungeon Crawl Stone Soup version 0.30-a0-1157-g2cc9ac7196 (webtiles) character file.

Game seed: 826221418128636359

9 ytrimaz the Trooper (level 2, 24/24 HPs)
             Began as a Demonspawn Fighter on Apr 24, 2023.
             Quit the game on level 1 of the Dungeon.
             The game lasted 00:00:11 (82 turns).

ytrimaz the Trooper (Demonspawn Fighter)              Turns: 82, Time: 00:00:11

Health: 24/24      AC:  6    Str: 16    XL:     2   Next: 6%
Magic:  2/2        EV:  8    Int:  9    God:
Gold:   6          SH:  4    Dex: 12    Spells: 1/1 levels left

rFire   . . .        a - +0 war axe
rCold   . . .        c - +0 buckler
rNeg    . . .        b - +0 scale mail
rPois   .            (no helmet)
rElec   .            (no cloak)
rCorr   .            (no gloves)
SInv    .            (no boots)
Will    .....        (no amulet) Stlth
                     (no ring)
HPRegen 0.24/turn    (no ring)
MPRegen 0.08/turn

%: no passive effects
@: no status effects
A: demonic magic 1
a: no special abilities


You were on level 1 of the Dungeon.
You visited 1 branch of the dungeon, and saw 1 of its levels.

You collected 6 gold pieces.


Innate Abilities, Weirdness & Mutations

Spells you cast may paralyse adjacent enemies.


   Skills:
 + Level 3.1 Fighting
 + Level 2.0 Axes
 + Level 2.8 Armour
 + Level 2.8 Shields


You had one spell level left.
You didn't know any spells.
Your spell library was empty.

Inventory:

Hand Weapons
 a - a +0 war axe (weapon)
Armour
 b - a +0 scale mail (worn)
 c - a +0 buckler (worn)
Scrolls
 e - a scroll of identify {unknown}
Potions
 d - a potion of might

Dungeon Overview and Level Annotations

Branches:
Dungeon (1/15) Zot: 5909

Altars:

#### ..##
...## ....#
#...####.
###.....K.$
...##..B...#
.......@.#
......#..#
..### #..#
#.# #..# #.#
#.#..# #.#
#.#..######
#.#
#.#........
#.#
#.#.#######
#.# #.#.#


You could see a giant cockroach and a kobold.


Message History

You see here a hobgoblin corpse. 😕 HP[+1] No target in view!
Unknown command.
A kobold comes into view.
It is wielding a +0 short sword. 😎 HP[+1]
Your hp is fully restored (18).
A kobold is nearby!
A kobold is nearby!
A kobold comes into view. It is wielding a +0 club.
The kobold shouts!
The kobold barely misses you.
You miss the kobold. The kobold hits you but does no damage.
Unknown command.
You hit the kobold. The kobold closely misses you. x2
A frilled lizard comes into view.
The kobold closely misses you.
The frilled lizard hisses angrily.
You slash the kobold!
You kill the kobold!
You barely miss the kobold. You block the kobold's attack.
You closely miss the kobold. The kobold barely misses you. x2
Unknown command.
You barely miss the kobold.
The kobold hits you with a +0 club. 😕 HP[-2]
You take 2 damage, and now have 16/18 hp.
The kobold closely misses you.
You barely miss the kobold. The kobold hits you but does no damage.
You block the kobold's attack.
You closely miss the kobold. The kobold hits you but does no damage.
Unknown command.
You slash the kobold!
You kill the kobold!
The frilled lizard bites you but does no damage. 😕 HP[+1]
You miss the frilled lizard. The frilled lizard bites you. 😕 HP[-2]
You take 2 damage, and now have 15/18 hp.
You closely miss the frilled lizard. The frilled lizard bites you. 😕 HP[-1]
You take 1 damage, and now have 14/18 hp.
You slash the frilled lizard!
You kill the frilled lizard! 😕 HP[+1] Unknown command.
Things that are here:
a +0 club; a frilled lizard corpse; a kobold corpse No target in view!
No target in view!
Unknown command.
A bat comes into view.
The bat moves out of view. 😕 HP[+1]
Things that are here:
a +0 club; a frilled lizard corpse; a kobold corpse You see here a +0 short sword.
A ball python comes into view. 😎 HP[+2]
Your hp is fully restored (18).
A ball python is nearby!
A ball python is nearby!
The ball python bites you but does no damage.
The ball python grabs you. The ball python constricts you.
You closely miss the ball python.
The ball python bites you but does no damage.
The ball python constricts you. 😕 HP[-1]
You take 1 damage, and now have 17/18 hp.
You slash the ball python!
You kill the ball python!
You see here a ball python corpse.
No target in view!
Unknown command.
No target in view!
A giant cockroach comes into view. 😎 HP[+1]
Your hp is fully restored (18).
There are monsters nearby!
Unknown command.
There are monsters nearby!
You barely miss the giant cockroach. The bat hits you but does no damage.
You block the giant cockroach's attack.
The giant cockroach bites you but does no damage.
You slash the giant cockroach!
You kill the giant cockroach!
You hit the bat.
You kill the bat!
Your Axes skill increases to level 2!
You have reached level 2!
Your demonic ancestry asserts itself...
A menacing aura infuses your magic. 😎 HP[+6] MP[+1]
You now have 24 max hp (+6).
Your hp is fully restored (24).
Your mp is fully restored (2).
A giant cockroach comes into view.
A kobold comes into view. It is wielding a +0 whip.
The kobold shouts!
The giant cockroach barely misses you. You block the giant cockroach's attack.
Are you sure you want to abandon this character and quit the game? (Confirm with "yes".)

Skill      XL: |  1 |
---------------+----+-----
Axes           | 2 |  2.0
Fighting       | |  3.1
Armour         | |  2.8
Shields        | |  2.8

Action                     || total
---------------------------++-------
  Melee: War axe           ||    20
 Armour: Scale mail        ||    12
  Dodge: Dodged            ||     8
  Block: Buckler           ||     6

Levels and vault maps discovered:
D:1:      erik_arrival_orb_chamber, layout_loops_ring, serial_shops,
          nicolae_lakefront_shop, nicolae_shop_vocational

Notes
Turn   | Place    | Note
-------+----------+-------------------------------------------
     0 | D:1      | ytrimaz the Demonspawn Fighter began the quest for the Orb.
     0 | D:1      | Reached XP level 1. HP: 18/18 MP: 1/1
     0 | D:1      | magus.rc [v1.9.6]
    78 | D:1      | Reached skill level 2 in Axes
    78 | D:1      | Gained mutation: Spells you cast may paralyse adjacent
                  | enemies. [demonic ancestry]
    78 | D:1      | Reached XP level 2. HP: 24/24 MP: 2/2
    82 | D:1      | Quit the game

Vanquished Creatures
  2 bats (D:1)
  A giant cockroach (D:1)
  A hobgoblin (D:1)
  2 kobolds (D:1)
  A ball python (D:1)
  A frilled lizard (D:1)
8 creatures vanquished.

Table legend:
 A = Non-vault XP
 B = Vault XP
 C = Vault XP percentage of total XP
 D = Non-vault monster count
 E = Vault monster count
 F = Vault count percentage of total count
                 A         B        C        D         E       F
            +---------+---------+-------+---------+---------+-------
      Total |      14 |       0 |   0.0 |       8 |       0 |   0.0
            +---------+---------+-------+---------+---------+-------
        D:1 |      14 |       0 |   0.0 |       8 |       0 |   0.0
            +---------+---------+-------+---------+---------+-------

Skill      XL: |  1 |
---------------+----+-----
Axes           | 2 |  2.0
Fighting       | |  3.1
Armour         | |  2.8
Shields        | |  2.8

Action                     || total
---------------------------++-------
  Melee: War axe           ||    20
 Armour: Scale mail        ||    12
  Dodge: Dodged            ||     8
  Block: Buckler           ||     6

Illustrated notes

Table legend:
 A = Kills in this place as a percentage of kills in the entire game.
 B = Kills by you in this place as a percentage of kills by you in the entire game.
 C = Kills by friends in this place as a percentage of kills by friends in the entire game.
 D = Other kills in this place as a percentage of other kills in the entire game.
 E = Experience gained in this place as a percentage of experience gained in the entire game.
 F = Experience gained in this place divided by the number of levels of this place that you have seen.
                   A       B       C       D       E      F
               +-------+-------+-------+-------+-------+----------------------
         Total | 100.0 | 100.0 |   N/A |   N/A | 100.0 |  14.0
       Dungeon | 100.0 | 100.0 |   N/A |   N/A | 100.0 |  14.0
               +-------+-------+-------+-------+-------+----------------------

Table legend: (Time is in decaauts)
 A = Elapsed time spent in this place.
 B = Non-inter-level travel time spent in this place.
 C = Inter-level travel time spent in this place.
 D = Time resting spent in this place.
 E = Time spent auto-exploring this place.
 F = Levels seen in this place.
 G = Mean time per level.
                   A        B        C        D        E       F      G
               +--------+--------+--------+--------+--------+-----+--------+
         Total |     91 |     91 |      0 |      0 |     35 |   1 |   91.0 |
       Dungeon |     91 |     91 |      0 |      0 |     35 |   1 |   91.0 |
               +--------+--------+--------+--------+--------+-----+--------+

Top non-repeatable levels by time:
     D:1: 91 daAuts
